Cogmind - Beta 12 X1 @@@ ROGUE MODE // 2022.08.31 @ 20:40:52 Player: albenzo Result: Destroyed by H-77 Assassin with Coil Gun Performance ------------- Evolutions (7) 3500 Regions Visited (16) 3200 Robots Destroyed (71) 355 Value Destroyed (3883) 3883 Prototype IDs (38) 760 Alien Tech Used (0) 0 Bonus (3213) 3213 TOTAL SCORE: 14911 Bonus ------- High Alert Combat Kills 275 Follower Combat Kills 2077 Entered DSFs 500 Network Hubs Disabled 400 Aligned with FarCom 300 A7 Reached Mainframe 300 Friendly Fire -639 Cogmind --------- Core Integrity 0/1300 Matter 267/300 Energy 49/100 System Corruption 18% Temperature Cool (72) Movement Core (50) Location -3/Armory Parts ------- > --- POWER (2) -------- (None) > --- PROPULSION (6) --- (None) > --- UTILITY (10) ----- Spectral Analyzer Experimental Signal Interpreter > --- WEAPON (3) ------- (None) > --- INVENTORY (5) ---- Huge Storage Unit Antimissile System Advanced Datajack Improved Plasma Cutter Great Axe Peak State ------------ > --- POWER ------------ Light Antimatter Reactor > --- PROPULSION ------- Myomer Leg Myomer Leg Advanced VSS Leg Advanced VSS Leg Advanced VSS Leg Advanced VSS Leg > --- UTILITY ---------- Advanced Heat Sink Advanced Heat Sink Advanced Coolant Injector Experimental Coolant Injector Large Storage Unit Huge Storage Unit Advanced Energy Well Spectral Analyzer Improved Signal Interpreter Experimental Signal Interpreter > --- WEAPON ----------- Powered Hammer Great Axe Great Axe > --- INVENTORY -------- Biometal Medium Treads Flexi-carbon Leg Flexi-carbon Leg Flexi-carbon Leg Flexi-carbon Leg Flexi-carbon Leg Myomer Leg Myomer Leg Advanced VSS Leg Impulse Thruster Huge Storage Unit Spectral Analyzer Experimental Signal Interpreter Antimissile System Thermic Laser Phase Gun Gamma Bomb Array Advanced Datajack Field Lobotomy Kit Improved Plasma Cutter Great Axe Great Axe Great Axe Great Axe Phasing Sabre [Rating: 132] Favorites ----------- Power Antimatter Reactor Engine Ion Engine Power Core Neutrino Core Reactor Antimatter Reactor Propulsion VSS Leg Treads Biometal Medium Treads Leg VSS Leg Flight Unit Impulse Thruster Utility Layered Medium Armor Plating Device Advanced Heat Sink Storage Large Storage Unit Processor Improved Signal Interpreter Protection Layered Medium Armor Plating Weapon Thermic Laser Energy Gun Thermic Laser Energy Cannon Beam Cannon Launcher Grenade Launcher Special Weapon Improved Plasma Cutter Impact Weapon Powered Hammer Slashing Weapon Phasing Sabre Build | -11 -10 -10 -10 -9 -8 -7 -6 -6 -5 -5 -5 -5 -5 -4 -3 -3 ------- Run | Scr Mat Min Exi Min Mat Fac Fac DSF Fac Ext Cet Arc Hub Fac Res Arm Slots Evolved 14 | . . . . . 4 2 2 . 2 . . . . 2 2 . Power 1 | . . . . . . . . . . . . . . . 1 . Propulsion 4 | . . . . . 2 . 1 . 1 . . . . . . . Utility 8 | . . . . . 2 2 . . 1 . . . . 2 1 . Weapon 1 | . . . . . . . 1 . . . . . . . . . Parts Attached 190 | 6 22 . 1 1 19 7 3 11 9 13 4 7 7 50 10 20 Power 19 | 1 6 . . . 4 1 . 1 . 1 . 1 . 2 . 2 Engine 13 | 1 6 . . . 4 1 . 1 . . . . . . . . Core 1 | . . . . . . . . . . 1 . . . . . . Reactor 5 | . . . . . . . . . . . . 1 . 2 . 2 Propulsion 49 | 2 6 . . . 5 . 1 5 4 3 1 . 2 9 1 10 Treads 1 | . . . . . . . . . . . . . . . . 1 Leg 47 | 2 6 . . . 5 . 1 5 4 3 1 . 2 9 1 8 Wheel . | . . . . . . . . . . . . . . . . . Hover . | . . . . . . . . . . . . . . . . . Flight 1 | . . . . . . . . . . . . . . . . 1 Utility 60 | 1 2 . 1 1 8 4 1 5 2 4 1 5 3 14 6 2 Device 29 | . 1 . . . 4 2 . 2 1 2 1 4 3 5 4 . Storage 12 | 1 1 . 1 . 2 . . . . . . 1 . 5 1 . Processor 5 | . . . . . . . . . . 1 . . . 2 . 2 Hackware . | . . . . . . . . . . . . . . . . . Protection 14 | . . . . 1 2 2 1 3 1 1 . . . 2 1 . Artifact . | . . . . . . . . . . . . . . . . . Weapon 62 | 2 8 . . . 2 2 1 . 3 5 2 1 2 25 3 6 Energy Gun 38 | 2 6 . . . 2 2 1 . 3 3 1 1 1 15 1 . Energy Cannon 2 | . 1 . . . . . . . . . . . . . 1 . Ballistic Gun . | . . . . . . . . . . . . . . . . . Ballistic Cannon . | . . . . . . . . . . . . . . . . . Launcher 1 | . 1 . . . . . . . . . . . . . . . Special Weapon 6 | . . . . . . . . . . 1 1 . . 1 1 2 Impact Weapon 1 | . . . . . . . . . . . . . . . . 1 Slashing Weapon 14 | . . . . . . . . . . 1 . . 1 9 . 3 Piercing Weapon . | . . . . . . . . . . . . . . . . . Special Melee Weapon . | . . . . . . . . . . . . . . . . . Unidentified Prototypes 9 | . . . . . 2 . . . 2 . . 1 . . 2 2 Corrupted Parts 2 | . . . . . . . . . . . . . 1 . . 1 System Corruption 11 | . . . . . . . . . . . . . 3 . . 8 Parts Lost 43 | . 2 . . . 1 . . 2 . . . . 1 11 8 18 Power 5 | . 1 . . . . . . 1 . . . . . 1 1 1 Propulsion 12 | . . . . . . . . . . . . . . . 1 11 Utility 17 | . . . . . . . . 1 . . . . 1 6 5 4 Weapon 9 | . 1 . . . 1 . . . . . . . . 4 1 2 Highest Loss Streak 13 | . 1 . . . 1 . . 2 . . . . 1 6 8 13 To Critical Strikes 1 | . . . . . . . . . . . . . . . . 1 Average Slot Usage (%) 98 | . 98 100 100 100 99 100 100 99 99 100 100 100 100 99 93 87 Engine 4 | . 13 14 14 14 8 7 6 6 5 . . . . . . . Reactor 1 | . . . . . . . . . . . . 3 5 4 3 1 Leg 31 | . 27 28 28 28 35 30 33 33 34 35 35 35 35 30 28 26 Device 18 | . 13 14 14 1 17 30 25 19 17 17 17 17 17 19 15 18 Storage 8 | . 14 14 14 14 9 7 6 6 5 5 5 5 5 7 9 13 Processor 3 | . . . . . . . . . . 3 5 5 5 7 8 12 Protection 8 | . . . . 12 9 7 6 13 16 12 11 11 11 9 11 . Energy Gun 16 | . 27 28 28 28 17 15 20 20 17 16 16 17 16 13 9 2 Slashing Weapon 1 | . . . . . . . . . . . . . . 1 3 8 Naked Turns . | . . . . . . . . . . . . . . . . . Heaviest Build 130 | 12 18 18 18 20 40 49 59 62 72 77 75 77 75 76 128 130 Greatest Support 131 | 20 20 20 20 20 52 52 62 68 85 104 104 104 112 121 117 131 Greatest Overweight (x) 3 | 3 3 . . . 1 . . 1 1 . . . . . 1 2 Average Overweight (x) . | . . . . . . . . . . . . . . . . . Largest Inventory Capacity 25 | 8 10 10 10 10 15 15 15 15 15 15 15 15 15 25 25 25 Average Capacity 14 | 7 9 10 10 10 14 15 15 15 15 15 15 15 15 15 15 24 Most Carried 25 | 6 10 10 10 10 15 15 14 15 15 15 15 15 15 15 15 25 Average Carried 13 | 4 9 9 9 9 14 14 13 14 14 14 15 15 14 14 13 19 Final Capacity 25 | 8 10 10 10 10 15 15 15 15 15 15 15 15 15 15 25 5 Final Carried 15 | 6 9 10 10 10 15 15 14 15 15 15 15 15 14 14 11 5 Class Distribution -------------------- 31% | Mutant 30% | Scavenger-Tank 20% | Scavenger-Mutant 9% | Tank Dominant Class ---------------- Mutant | -10/Materials Mutant | -10/Mines Mutant | -10/Exiles Mutant | -9/Mines Mutant | -8/Materials Mutant | -7/Factory Gunner | -6/Factory Gunner | -6/DSF Tank | -5/Factory Scavenger-Tank | -5/Extension Scavenger-Tank | -5/Cetus Scavenger-Tank | -5/Archives Scavenger-Tank | -5/Hub_04(d) Scavenger-Tank | -4/Factory Scavenger-Mutant | -3/Research Scavenger-Mutant | -3/Armory Resources | -11 -10 -10 -10 -9 -8 -7 -6 -6 -5 -5 -5 -5 -5 -4 -3 -3 ----------- Run | Scr Mat Min Exi Min Mat Fac Fac DSF Fac Ext Cet Arc Hub Fac Res Arm Matter Collected 2145 | 151 253 . 89 10 190 40 . 110 110 160 71 46 60 612 76 167 Remotely . | . . . . . . . . . . . . . . . . . Salvage Created 3582 | . 353 . . . 282 47 . 380 61 295 120 78 346 1169 302 149 Parts 143 | . 23 . . . 14 3 . 17 2 9 4 4 15 47 4 1 Haulers Intercepted . | . . . . . . . . . . . . . . . . . Recyclers Shooed 2 | . 1 . . . . . . . . . . . . 1 . . Parts Field Recycled . | . . . . . . . . . . . . . . . . . Retrieved Matter . | . . . . . . . . . . . . . . . . . Parts Self-Destructed . | . . . . . . . . . . . . . . . . . Prevented . | . . . . . . . . . . . . . . . . . Kills | -11 -10 -10 -10 -9 -8 -7 -6 -6 -5 -5 -5 -5 -5 -4 -3 -3 ------- Run | Scr Mat Min Exi Min Mat Fac Fac DSF Fac Ext Cet Arc Hub Fac Res Arm Combat Hostiles Destroyed 65 | . 12 . . . 6 1 . 9 1 4 2 1 2 20 5 2 Melee 1 | . . . . . . . . . . . . . . 1 . . Guns 58 | . 12 . . . 6 1 . 9 1 4 2 1 2 16 4 . Classes Destroyed 12 | . 3 . . . 1 1 . 2 1 . . . 2 2 . . Worker 1 | . . . . . . . . . . . . . 1 . . . Operator 2 | . 1 . . . . . . . . . . . 1 . . . Watcher 2 | . . . . . . . . . . . . . 2 . . . Swarmer 10 | . 6 . . . . . . 3 . . . . . . 1 . Saboteur 1 | . . . . . . . . . . . . . . 1 . . Grunt 22 | . 6 . . . 3 . . 2 . 1 1 . . 5 4 . Brawler 1 | . . . . . . . . . . . . . . 1 . . Sentry 9 | . . . . . 3 . . . . 3 . 1 2 . . . Specialist 3 | . . . . . . . . 3 . . . . . . . . Hunter 6 | . . . . . . . . . 1 . 1 . . 2 . 2 Programmer 12 | . . . . . . 1 . . . . . . . 11 . . Heavy 1 | . . . . . . . . 1 . . . . . . . . Enhanced Grunt 1 | . . . . . . . . . . . . . 1 . . . Best Kill Streak 6 | . 3 . . . 3 1 . 6 1 2 2 1 2 3 5 2 Combat Bots Only 6 | . 3 . . . 3 1 . 6 1 2 2 1 2 3 5 2 Max Kills in Single Turn 2 | . 1 . . . 1 1 . 1 1 1 2 1 2 1 1 1 Gunslinging 1 | . . . . . . . . . . . 1 . . . . . Exploded . | . . . . . . . . . . . . . . . . . Melee 1 | . . . . . . . . . . . . . . 1 . . Uniques/NPCs Destroyed . | . . . . . . . . . . . . . . . . . Combat | -11 -10 -10 -10 -9 -8 -7 -6 -6 -5 -5 -5 -5 -5 -4 -3 -3 -------- Run | Scr Mat Min Exi Min Mat Fac Fac DSF Fac Ext Cet Arc Hub Fac Res Arm Damage Taken 10199 | . 522 . . . 258 . . 531 276 199 21 163 233 2780 1494 3722 Core 1730 | . 95 . . . 73 . . 18 17 54 . 30 . 131 60 1252 Absorbed by Shields 43 | . . . . . . . . . . 43 . . . . . . Regen/Repaired (Parts) 132 | . . . . . 33 . . . 20 . . . . 79 . . Core Remaining (%) 88 | 100 . . . 62 86 100 . 97 . . . . 89 88 . . Volleys Fired 198 | . 44 . . . 17 2 . 15 2 18 7 5 12 55 20 1 Largest 3 | . 2 . . . 2 2 . 3 3 3 3 3 3 3 3 1 Hottest 401 | . 80 . . . 119 160 . 240 245 255 237 237 250 401 258 . Shots Fired 484 | . 81 . . . 34 4 . 44 6 48 16 11 36 160 42 2 Gun 475 | . 77 . . . 34 4 . 44 6 47 15 11 36 159 41 1 Cannon 3 | . 3 . . . . . . . . . . . . . . . Launcher 1 | . 1 . . . . . . . . . . . . . . . Special 5 | . . . . . . . . . . 1 1 . . 1 1 1 Kinetic . | . . . . . . . . . . . . . . . . . Thermal 478 | . 80 . . . 34 4 . 44 6 47 15 11 36 159 41 1 Explosive 1 | . 1 . . . . . . . . . . . . . . . Electromagnetic . | . . . . . . . . . . . . . . . . . Robot Hit Streak 19 | . 14 . . . 16 11 . 12 3 18 5 8 4 10 19 2 Robot Miss Streak 5 | . 3 . . . 2 2 . 5 3 2 3 1 4 3 2 . Penetration Max . | . . . . . . . . . . . . . . . . . Secondary Targets 5 | . . . . . . . . . . . 1 . . 3 1 . Max Gunslinging Chain 1 | . . . . . . . . . . . 1 . . 1 1 . Shots Hit Robots 340 | . 47 . . . 28 4 . 42 4 36 10 9 13 104 35 8 Core Hits 156 | . 20 . . . 12 3 . 29 4 15 3 4 9 37 18 2 Critical Kills 5 | . . . . . . . . . . . . . . 5 . . Critical Parts Destroyed 3 | . . . . . . . . . . . . . . . . 3 Critical Strikes 23 | . . . . . 1 . . . . 3 . . . 10 5 4 Burn 14 | . . . . . 1 . . . . 3 . . . 5 5 . Destroy 5 | . . . . . . . . . . . . . . 5 . . Smash 3 | . . . . . . . . . . . . . . . . 3 Sever 1 | . . . . . . . . . . . . . . . . 1 Melee Attacks 45 | . . . . . . . . . . 1 . . 7 27 . 10 Impact 6 | . . . . . . . . . . . . . . . . 6 Slashing 39 | . . . . . . . . . . 1 . . 7 27 . 4 Piercing . | . . . . . . . . . . . . . . . . . Sneak Attacks . | . . . . . . . . . . . . . . . . . Combat Hostiles . | . . . . . . . . . . . . . . . . . Follow-up Attacks 2 | . . . . . . . . . . . . . . . . 2 Damage Inflicted 8031 | . 544 . . . 452 60 . 825 124 818 214 239 654 2995 793 313 Guns 7240 | . 514 . . . 452 60 . 825 66 818 214 239 337 2967 748 . Cannons . | . . . . . . . . . . . . . . . . . Explosions 405 | . 30 . . . . . . . 58 . . . 317 . . . Melee 341 | . . . . . . . . . . . . . . 28 . 313 Ramming 45 | . . . . . . . . . . . . . . . 45 . Kinetic . | . . . . . . . . . . . . . . . . . Thermal 7328 | . 514 . . . 452 60 . 825 124 818 214 239 367 2967 748 . Explosive 30 | . 30 . . . . . . . . . . . . . . . Electromagnetic 287 | . . . . . . . . . . . . . 287 . . . Impact 245 | . . . . . . . . . . . . . . . . 245 Slashing 96 | . . . . . . . . . . . . . . 28 . 68 Piercing . | . . . . . . . . . . . . . . . . . Highest Corruption 18 | . . . . . . . . . . . . . 6 11 10 18 Average Corruption 5 | . . . . . . . . . . . . . 2 4 5 14 Corruption Purged . | . . . . . . . . . . . . . . . . . Corruption Blocked . | . . . . . . . . . . . . . . . . . Effects 86 | . . . . . . . . . . . . . 3 55 3 25 Message Errors 14 | . . . . . . . . . . . . . 1 8 . 5 Matter Fused 22 | . . . . . . . . . . . . . . 17 2 3 Heat Flow Errors 11 | . . . . . . . . . . . . . 1 7 . 3 Energy Discharges 10 | . . . . . . . . . . . . . 1 6 . 3 Parts Rejected 2 | . . . . . . . . . . . . . . 1 . 1 Data Loss (minor) 11 | . . . . . . . . . . . . . . 8 . 3 Data Loss (major) 1 | . . . . . . . . . . . . . . . . 1 Misfires 4 | . . . . . . . . . . . . . . 3 . 1 Alerts 4 | . . . . . . . . . . . . . . 2 . 2 Misdirections 3 | . . . . . . . . . . . . . . . . 3 Weapon Failures 4 | . . . . . . . . . . . . . . 3 1 . Overload Shots 2 | . . . . . . . . . . . . . . 2 . . Overflow Damage 208 | . 5 . . . . . . . 28 . . . 13 . . 162 Projectiles . | . . . . . . . . . . . . . . . . . Explosions 46 | . 5 . . . . . . . 28 . . . 13 . . . Melee 162 | . . . . . . . . . . . . . . . . 162 Knockbacks 5 | . . . . . . . . . . . . . . . 1 4 Impact 5 | . . . . . . . . . . . . . . . 1 4 Kinetic . | . . . . . . . . . . . . . . . . . Secondary . | . . . . . . . . . . . . . . . . . Self-Inflicted Damage 339 | . . . . . . . . . 129 . . . 210 . . . Shots 4 | . . . . . . . . . 2 . . . 2 . . . Rammed . | . . . . . . . . . . . . . . . . . Targets Rammed 5 | . 1 . . . . . . . . . . . . . 4 . Kicked 5 | . 1 . . . . . . . . . . . . . 4 . Crushed . | . . . . . . . . . . . . . . . . . Highest Temperature 373 | . 126 . . . 129 . . 213 143 373 358 216 296 294 192 219 Average Temperature 86 | . 49 . . . 43 . . 65 32 142 125 96 98 99 125 86 Received Heat Transfer 1526 | . 219 . . . 99 . . 117 . 8 . 18 . 381 216 468 Effects 3 | . . . . . . . . . . . 1 . 2 . . . Interference 2 | . . . . . . . . . . . . . 2 . . . Matter Decay 1 | . . . . . . . . . . . 1 . . . . . Siege Activations . | . . . . . . . . . . . . . . . . . Robots Corrupted 1 | . . . . . . . . . . . . . 1 . . . Combat Hostiles . | . . . . . . . . . . . . . . . . . Parts Fried 6 | . . . . . . . . . . . . . 3 . . 3 Impact Corruptions 3 | . . . . . . . . . . . . . . . . 3 Robots Melted 4 | . . . . . . . . . . . . . . 3 1 . Combat Hostiles 4 | . . . . . . . . . . . . . . 3 1 . Parts Melted 47 | . 1 . . . 4 1 . 3 . 7 1 . 1 22 7 . Heat Transferred 14110 | . 1175 . . . 1002 124 . 1750 200 1951 333 370 531 4695 1979 . Parts Sabotaged 3 | . . . . . . . . . . . . . . . . 3 Parts Stolen . | . . . . . . . . . . . . . . . . . Parts Stripped . | . . . . . . . . . . . . . . . . . Power Chain Reactions 2 | . . . . . . . . . . . . . 2 . . . Missiles Intercepted . | . . . . . . . . . . . . . . . . . Alert | -11 -10 -10 -10 -9 -8 -7 -6 -6 -5 -5 -5 -5 -5 -4 -3 -3 ------- Run | Scr Mat Min Exi Min Mat Fac Fac DSF Fac Ext Cet Arc Hub Fac Res Arm Peak Influence 836 | . 250 39 . . 83 67 26 208 271 289 836 493 770 746 520 408 Initial 391 | . . 39 . . . 32 21 18 109 49 77 334 172 318 391 273 Average 206 | . 84 39 . . 35 36 24 114 128 120 396 470 424 299 412 292 Maximum Alert Level 3 | . 1 . . . . . . 1 1 1 3 2 3 3 2 2 Low Security (%) 55 | 100 86 100 . 100 100 100 100 69 84 82 50 . 24 23 . 4 Level 1 30 | . 13 . . . . . . 30 15 17 9 15 19 59 75 74 Level 2 11 | . . . . . . . . . . . 11 84 41 13 24 20 Level 3 3 | . . . . . . . . . . . 28 . 14 4 . . Level 4 . | . . . . . . . . . . . . . . . . . Level 5 . | . . . . . . . . . . . . . . . . . High Security . | . . . . . . . . . . . . . . . . . Max Security . | . . . . . . . . . . . . . . . . . Sterilizations 1 | . . . . . . . . 1 . . . . . . . . Squads Dispatched 29 | . 1 . . . 1 1 . 2 . 1 3 . 3 11 2 4 Investigation 6 | . 1 . . . 1 . . . . . 3 . . . . 1 Extermination 10 | . . . . . . 1 . . . . . . 1 6 1 1 Reinforcement 11 | . . . . . . . . 2 . 1 . . 2 3 1 2 Assault 2 | . . . . . . . . . . . . . . 2 . . Garrison . | . . . . . . . . . . . . . . . . . Intercept . | . . . . . . . . . . . . . . . . . Searches Triggered . | . . . . . . . . . . . . . . . . . Construction Impeded 1 | . . . . . . . . . . 1 . . . . . . Haulers Reinforced 1 | . . . . . . . . . . . . . 1 . . . Active Scanning Responses . | . . . . . . . . . . . . . . . . . Cargo Convoy Interrupts . | . . . . . . . . . . . . . . . . . Stealth | -11 -10 -10 -10 -9 -8 -7 -6 -6 -5 -5 -5 -5 -5 -4 -3 -3 --------- Run | Scr Mat Min Exi Min Mat Fac Fac DSF Fac Ext Cet Arc Hub Fac Res Arm Distress Signals 5 | . 1 . . . . . . . . . 1 . 1 . . 2 Communications Jammed 6 | . . . . . . . . . . . . . 5 1 . . Distress Signals 6 | . . . . . . . . . . . . . 5 1 . . Times Spotted 154 | . 22 . . . 8 5 . 10 3 18 8 3 10 29 13 25 Peak Tracking Total 16 | . 5 . . . 4 2 . 3 4 3 5 2 3 5 9 16 Tactical Retreats 7 | . 1 . . . . . . . . . . . . 2 2 2 Traps | -11 -10 -10 -10 -9 -8 -7 -6 -6 -5 -5 -5 -5 -5 -4 -3 -3 ------- Run | Scr Mat Min Exi Min Mat Fac Fac DSF Fac Ext Cet Arc Hub Fac Res Arm Traps Triggered 9 | . 4 . . . 1 . . 1 . . . . . 2 1 . Indirectly . | . . . . . . . . . . . . . . . . . Trap Hack Attempts . | . . . . . . . . . . . . . . . . . Triggered . | . . . . . . . . . . . . . . . . . Disarmed 1 | . . . . . . . . . . . . . 1 . . . Reprogrammed . | . . . . . . . . . . . . . . . . . Reused . | . . . . . . . . . . . . . . . . . Traps Extracted . | . . . . . . . . . . . . . . . . . Installed . | . . . . . . . . . . . . . . . . . Triggered . | . . . . . . . . . . . . . . . . . Machines | -11 -10 -10 -10 -9 -8 -7 -6 -6 -5 -5 -5 -5 -5 -4 -3 -3 ---------- Run | Scr Mat Min Exi Min Mat Fac Fac DSF Fac Ext Cet Arc Hub Fac Res Arm Machines Disabled 36 | . 1 . . . . . . . 3 1 3 1 10 17 . . Max in Single Turn 5 | . 1 . . . . . . . 3 . . . 5 1 . . Network Hub 2 | . . . . . . . . . . . . . 2 . . . Machines Sabotaged . | . . . . . . . . . . . . . . . . . Garrisons Compromised . | . . . . . . . . . . . . . . . . . Overloaded Fab Kills . | . . . . . . . . . . . . . . . . . Hacking | -11 -10 -10 -10 -9 -8 -7 -6 -6 -5 -5 -5 -5 -5 -4 -3 -3 --------- Run | Scr Mat Min Exi Min Mat Fac Fac DSF Fac Ext Cet Arc Hub Fac Res Arm Machines Accessed 45 | . 4 . 1 . 4 4 1 . 6 8 3 1 5 7 1 . Terminals 32 | . 3 . . . 2 2 1 . 4 8 3 . 5 3 1 . Fabricators . | . . . . . . . . . . . . . . . . . Repair Stations 4 | . . . . . 1 . . . 1 . . . . 2 . . Recycling Units 3 | . 1 . . . . . . . . . . . . 2 . . Scanalyzers 2 | . . . . . 1 1 . . . . . . . . . . Garrison Access 2 | . . . . . . 1 . . 1 . . . . . . . Total Hacks 135 | . 13 . 1 . 10 8 1 . 12 19 10 25 15 18 3 . Successful 83 | . 4 . 1 . 6 6 1 . 9 12 4 25 6 8 1 . Failed 52 | . 9 . . . 4 2 . . 3 7 6 . 9 10 2 . Catastrophic 12 | . . . . . 2 1 . . . 1 1 . 4 3 . . Database Lockouts . | . . . . . . . . . . . . . . . . . Manual 42 | . 7 . 1 . 3 1 . . 5 5 1 1 14 4 . . Terminals 80 | . 11 . . . 6 3 1 . 6 19 10 . 15 6 3 . Fabricators . | . . . . . . . . . . . . . . . . . Repair Stations 12 | . . . . . 2 . . . 2 . . . . 8 . . Recycling Units 6 | . 2 . . . . . . . . . . . . 4 . . Scanalyzers 5 | . . . . . 2 3 . . . . . . . . . . Garrison Access 6 | . . . . . . 2 . . 4 . . . . . . . Terminal Hacks 60 | . 3 . 1 . 2 1 1 . 5 12 4 25 3 2 1 . Record 29 | . . . . . . . . . . 1 3 25 . . . . Robot Analysis 1 | . . . . . . . . . . 1 . . . . . . Prototype ID Bank 3 | . 1 . . . . 1 . . . 1 . . . . . . Open Door 5 | . . . . . . . . . 1 3 1 . . . . . Open DSF 3 | . . . . . . . 1 . 1 . . . . . 1 . Branch Access Points 2 | . 1 . . . . . . . . 1 . . . . . . Terminal Index 1 | . . . . . . . . . 1 . . . . . . . Alert Level 6 | . . . . . 1 . . . 1 1 . . 1 2 . . Unreport Threat 2 | . . . . . . . . . . 1 . . 1 . . . Locate Traps 4 | . 1 . . . 1 . . . 1 1 . . . . . . Disarm Traps 1 | . . . . . . . . . . . . . 1 . . . Security Status 1 | . . . . . . . . . . 1 . . . . . . Zone Layout 1 | . . . . . . . . . . 1 . . . . . . EX-Prototype ID Bank 1 | . . . 1 . . . . . . . . . . . . . Fabricator Hacks . | . . . . . . . . . . . . . . . . . Repair Station Hacks 7 | . . . . . 2 . . . 2 . . . . 3 . . Scan Component 4 | . . . . . 1 . . . 1 . . . . 2 . . Repair 3 | . . . . . 1 . . . 1 . . . . 1 . . Recycling Unit Hacks 2 | . . . . . . . . . . . . . . 2 . . Report Inventory 1 | . . . . . . . . . . . . . . 1 . . Retrieve Matter 1 | . . . . . . . . . . . . . . 1 . . Scanalyzer 5 | . . . . . 2 3 . . . . . . . . . . Insert Component 2 | . . . . . 1 1 . . . . . . . . . . Analyze 3 | . . . . . 1 2 . . . . . . . . . . Garrison Access Hacks 1 | . . . . . . 1 . . . . . . . . . . Unlock Access 1 | . . . . . . 1 . . . . . . . . . . Unauthorized Hacks 8 | . 1 . . . . 1 . . 2 . . . 3 1 . . Terminals 4 | . . . . . . . . . 1 . . . 3 . . . Assimilate 1 | . . . . . . . . . 1 . . . . . . . Botnet 3 | . . . . . . . . . . . . . 3 . . . Fabricators . | . . . . . . . . . . . . . . . . . Repair Stations . | . . . . . . . . . . . . . . . . . Recycling Units 2 | . 1 . . . . . . . . . . . . 1 . . Monitor 2 | . 1 . . . . . . . . . . . . 1 . . Scanalyzers . | . . . . . . . . . . . . . . . . . Garrison Access 2 | . . . . . . 1 . . 1 . . . . . . . Decoy 1 | . . . . . . 1 . . . . . . . . . . Watchers 1 | . . . . . . . . . 1 . . . . . . . Data Cores Recovered . | . . . . . . . . . . . . . . . . . Used . | . . . . . . . . . . . . . . . . . Hacking Detections 34 | . 4 . . . 3 4 . . 4 5 3 . 5 6 . . Full Trace Events 3 | . . . . . . . . . . . 3 . . . . . Feedback Events . | . . . . . . . . . . . . . . . . . Feedback Blocked . | . . . . . . . . . . . . . . . . . Robot Schematics Acquired . | . . . . . . . . . . . . . . . . . Robots Built . | . . . . . . . . . . . . . . . . . Authchips . | . . . . . . . . . . . . . . . . . Time . | . . . . . . . . . . . . . . . . . Total Robot Build Rating . | . . . . . . . . . . . . . . . . . Part Schematics Acquired 2 | . . . . . 1 1 . . . . . . . . . . Parts Built . | . . . . . . . . . . . . . . . . . Authchips . | . . . . . . . . . . . . . . . . . Time . | . . . . . . . . . . . . . . . . . Total Part Build Rating . | . . . . . . . . . . . . . . . . . Parts Repaired 3 | . . . . . 1 . . . 1 . . . . 1 . . Time 138 | . . . . . 38 . . . 38 . . . . 62 . . Parts Recycled . | . . . . . . . . . . . . . . . . . Recycled Matter . | . . . . . . . . . . . . . . . . . Retrieved Matter . | . . . . . . . . . . . . . . . . . Retrieved Components . | . . . . . . . . . . . . . . . . . Parts Scanalyzed 2 | . . . . . 1 1 . . . . . . . . . . Part Schematics Acquired 2 | . . . . . 1 1 . . . . . . . . . . Parts Damaged . | . . . . . . . . . . . . . . . . . Bothacking | -11 -10 -10 -10 -9 -8 -7 -6 -6 -5 -5 -5 -5 -5 -4 -3 -3 ------------ Run | Scr Mat Min Exi Min Mat Fac Fac DSF Fac Ext Cet Arc Hub Fac Res Arm Used RIF Installer . | . . . . . . . . . . . . . . . . . Robots Hacked . | . . . . . . . . . . . . . . . . . Non-combat . | . . . . . . . . . . . . . . . . . Combat . | . . . . . . . . . . . . . . . . . Robot Hacks Applied . | . . . . . . . . . . . . . . . . . Relay Couplers Released . | . . . . . . . . . . . . . . . . . Fabnet Peak Effective % . | . . . . . . . . . . . . . . . . . Robots Rewired 7 | . . . . . . . . . 1 6 . . . . . . Allies Hacked . | . . . . . . . . . . . . . . . . . Hacks Repelled . | . . . . . . . . . . . . . . . . . Allies | -11 -10 -10 -10 -9 -8 -7 -6 -6 -5 -5 -5 -5 -5 -4 -3 -3 -------- Run | Scr Mat Min Exi Min Mat Fac Fac DSF Fac Ext Cet Arc Hub Fac Res Arm Total Allies 20 | . . . . . . . . . 2 10 4 . . 1 1 2 Largest Group 10 | . . . . . . . . . 1 10 8 6 4 1 1 2 Highest-Rated Group 587 | . . . . . . . . . 30 483 587 512 257 116 82 137 Highest-Rated Ally 159 | . . . . . . . . . 30 159 159 159 96 116 82 137 Total Orders . | . . . . . . . . . . . . . . . . . Ally Attacks 244 | . . . . . . . . . . 94 63 25 23 12 6 21 Total Damage 9616 | . . . . . . . . . . 2818 2424 813 829 1900 54 778 Kills 57 | . . . . . . . . . . 16 19 3 4 8 1 6 Allies Corrupted 1 | . . . . . . . . . . . . . 1 . . . Allies Melted . | . . . . . . . . . . . . . . . . . Field Lobotomies 5 | . . . . . . . . . . 1 1 . . 1 1 1 Intel | -11 -10 -10 -10 -9 -8 -7 -6 -6 -5 -5 -5 -5 -5 -4 -3 -3 ------- Run | Scr Mat Min Exi Min Mat Fac Fac DSF Fac Ext Cet Arc Hub Fac Res Arm Robot Analysis Total 1 | . . . . . . . . . . 1 . . . . . . Derelict Logs Recovered 3 | . . 1 . 2 . . . . . . . . . . . . Drone Launches . | . . . . . . . . . . . . . . . . . Drone Recoveries . | . . . . . . . . . . . . . . . . . Exploration | -11 -10 -10 -10 -9 -8 -7 -6 -6 -5 -5 -5 -5 -5 -4 -3 -3 ------------- Run | Scr Mat Min Exi Min Mat Fac Fac DSF Fac Ext Cet Arc Hub Fac Res Arm Turns Passed 10225 | 70 852 188 525 224 856 728 151 279 642 852 254 296 622 2760 351 575 Spaces Moved 6279 | 47 502 154 435 159 486 496 121 141 403 535 185 240 395 1555 185 240 Core 18 | 9 2 . . . . . . . . . . . . . . 7 Treads 3 | . . . . . . . . . . . . . . . . 3 Legs 6255 | 38 500 154 435 159 486 496 121 141 403 535 185 240 395 1555 185 227 Wheels . | . . . . . . . . . . . . . . . . . Hover . | . . . . . . . . . . . . . . . . . Flight 3 | . . . . . . . . . . . . . . . . 3 Fastest Speed 50 | 50 120 120 120 120 120 122 122 98 90 100 110 110 110 100 95 50 Average Speed 115 | 118 120 120 120 120 121 122 122 129 99 102 110 110 111 113 102 151 Slowest Speed 270 | 200 200 120 120 120 193 122 122 180 180 110 110 110 115 115 181 270 Overloaded Moves . | . . . . . . . . . . . . . . . . . Propulsion Burnouts . | . . . . . . . . . . . . . . . . . Robots Hopped . | . . . . . . . . . . . . . . . . . Cave-ins Triggered . | . . . . . . . . . . . . . . . . . Exploration Rate (%) 41 | 3 61 22 91 39 41 11 4 87 11 64 76 98 47 36 6 16 Regions Visited 16 Branch Regions 8 Pre-discovered Areas 1 | . . . . 1 . . . . . . . . . . . . Known Exits Taken 9 | . 1 . . . 1 . 1 . . 1 1 1 1 1 1 . Unknown Exits Taken 6 | 1 . 1 1 1 . 1 . . 1 . . . . . . . Scrap Searched 1 | . . . . 1 . . . . . . . . . . . . Spaces Dug 33 | . . . . . . . . . . 1 . . 7 25 . . Terrain Destroyed 433 | . 5 . . . . . . . 38 1 2 . 353 34 . . Melee 33 | . . . . . . . . . . 1 . . 7 25 . . Projectile 16 | . . . . . . . . . . . 2 . 5 9 . . AOE 384 | . 5 . . . . . . . 38 . . . 341 . . . Terrain Rammed . | . . . . . . . . . . . . . . . . . Walls Destroyed . | . . . . . . . . . . . . . . . . . Machines Disabled . | . . . . . . . . . . . . . . . . . Actions | -11 -10 -10 -10 -9 -8 -7 -6 -6 -5 -5 -5 -5 -5 -4 -3 -3 --------- Run | Scr Mat Min Exi Min Mat Fac Fac DSF Fac Ext Cet Arc Hub Fac Res Arm Total 8805 | 58 673 158 439 192 729 623 124 201 642 809 223 268 539 2388 303 436 Wait 1776 | . 72 2 1 31 161 99 . 15 217 150 26 5 116 666 77 138 Move 6263 | 46 501 153 434 158 485 495 120 140 402 534 184 239 394 1554 184 240 Hop . | . . . . . . . . . . . . . . . . . Pick Up 110 | 6 16 2 1 1 20 9 1 5 4 7 . 3 . 19 5 11 Fast Attach 38 | 6 6 . . . 5 1 . . 3 3 . 2 . 1 2 9 Attach 46 | . 5 . . . 5 2 2 3 2 . . . 1 14 6 6 Detach 11 | . 1 . . . 3 . . . . . . . . . 1 6 Swap 107 | . 11 . 1 1 10 4 1 8 4 10 4 5 6 35 2 5 Drop 132 | . 16 1 2 1 23 11 . 9 7 17 2 9 3 17 2 12 Fire 198 | . 44 . . . 17 2 . 15 2 18 7 5 12 55 20 1 Melee 43 | . . . . . . . . . . 1 . . 7 27 . 8 Ram . | . . . . . . . . . . . . . . . . . Kick 5 | . 1 . . . . . . . . . . . . . 4 . Crush . | . . . . . . . . . . . . . . . . . Escape Stasis 5 | . . . . . . . . 5 . . . . . . . . Rewire 71 | . . . . . . . . 1 1 69 . . . . . . Trap . | . . . . . . . . . . . . . . . . . Miscellaneous . | . . . . . . . . . . . . . . . . . Route ------- -11/Scrapyard -10/Materials (discovered 2 exits: [*Mat] / *Min) -10/Mines (discovered 2 exits: [*Mat] / *Exi) -10/Exiles (discovered 2 exits: [*Min x2]) -9/Mines -8/Materials (discovered 2 exits: *Fac x2) -7/Factory (discovered 2 exits: *Fac / Gar) -6/Factory -6/DSF -5/Factory -5/Extension (discovered 3 exits: *Fac x2 / *Cet) -5/Cetus -5/Archives (discovered 3 exits: *Fac / *Hub x2) -5/Hub_04(d) -4/Factory -3/Research -3/Armory History --------- Turn | Location | Event 14 | -11/Scrapyard | Discovered new exit (range 15) 71 | -11/Scrapyard | Entered Materials 266 | -10/Materials | Identified exit to Mines 325 | -10/Materials | Build established: Mutant 384 | -10/Materials | Discovered new exit (range 6) 923 | -10/Materials | Entered Mines 943 | -10/Mines | Assembled infested the area 1052 | -10/Mines | Discovered new exit (range 9) 1101 | -10/Mines | Learned 4 Materials zone layouts 1106 | -10/Mines | Discovered new exit (range 5) 1111 | -10/Mines | Entered Exiles 1127 | -10/Exiles | Discovered new exit (range 15) 1140 | -10/Exiles | Met 8R-AWN 1161 | -10/Exiles | Met EX-HEX 1199 | -10/Exiles | Met EX-BIN 1218 | -10/Exiles | Aligned with FarCom system 1219 | -10/Exiles | Given EX-Vault access code 1247 | -10/Exiles | Opened EX-Vault 1261 | -10/Exiles | Found Field Lobotomy Kit 1286 | -10/Exiles | Warned to stay clear of 0b10 Research branches 1378 | -10/Exiles | Met EX-DEC 1403 | -10/Exiles | Visited The Gauntlet 1617 | -10/Exiles | Discovered new exit (range 12) 1636 | -10/Exiles | Left Exiles lab with Field Lobotomy Kit 1636 | -10/Exiles | Entered Mines 1796 | -9/Mines | A weapon hastily lodged in a ceiling crevice suddenly fell to the ground 1832 | -9/Mines | Learned Materials garrison access intel 1849 | -9/Mines | Discovered new exit (range 10) 1850 | -9/Mines | Learned location of Zion (-6) 1860 | -9/Mines | Entered Materials 1860 | -8/Materials | Evolved 4 slots: Propulsion x2, Utility x2 1861 | -8/Materials | Identified exit to Factory 2334 | -8/Materials | Repaired Carbon-fiber Leg 2628 | -8/Materials | Discovered exit to Factory (range 13) 2716 | -8/Materials | Entered Factory 2716 | -7/Factory | Evolved 2 slots: Utility x2 3403 | -7/Factory | Identified exit to Garrison 3428 | -7/Factory | Discovered new exit (range 7) 3444 | -7/Factory | Entered another Factory area 3444 | -6/Factory | Evolved 2 slots: Propulsion x1, Weapon x1 3499 | -6/Factory | Identified exit to DSF 3595 | -6/Factory | Entered DSF 3660 | -6/DSF | Additional patrols routed to DSF 3784 | -6/DSF | Sterilization system engaged 3804 | -6/DSF | Ambient heat levels rising (+10) 3819 | -6/DSF | Ambient heat levels rising (+10) 3834 | -6/DSF | Ambient heat levels rising (+10) 3842 | -6/DSF | Discovered new exit (range 15) 3849 | -6/DSF | Ambient heat levels rising (+10) 3864 | -6/DSF | Ambient heat levels rising (+10) 3874 | -6/DSF | Entered Factory 3874 | -5/Factory | Evolved 2 slots: Propulsion x1, Utility x1 4065 | -5/Factory | Build established: Tank 4087 | -5/Factory | Repaired VSS Leg 4509 | -5/Factory | Discovered new exit (range 6) 4516 | -5/Factory | Entered Extension 4516 | -5/Extension | Accompanied by 1 ally 4612 | -5/Extension | Rescued A7 4772 | -5/Extension | Rescued a captive Derelict 4773 | -5/Extension | Rescued a captive Derelict 4806 | -5/Extension | Identified exit to Cetus 5129 | -5/Extension | Spotted B-75 Beast 5135 | -5/Extension | Spotted B-75 Beast 5137 | -5/Extension | Assimilated B-75 Beast with FLK Orb 5153 | -5/Extension | Allies destroyed B-75 Beast 5174 | -5/Extension | Discovered new exit (range 3) 5176 | -5/Extension | Identified exit to Factory 5318 | -5/Extension | Discovered exit to Factory (range 15) 5368 | -5/Extension | Entered Cetus 5368 | -5/Cetus | Accompanied by 7 allies (A7) 5373 | -5/Cetus | Acquired a Cetus Manufacturing Module code from A7 5383 | -5/Cetus | Spotted Cetus Guard 5383 | -5/Cetus | Spotted Cetus Guard 5384 | -5/Cetus | Assimilated Cetus Guard with FLK Orb 5388 | -5/Cetus | Spotted Cetus Guard 5392 | -5/Cetus | Allies destroyed Cetus Guard 5395 | -5/Cetus | Spotted Cetus Guard 5403 | -5/Cetus | Allies destroyed Cetus Guard 5413 | -5/Cetus | Allies destroyed Cetus Guard 5439 | -5/Cetus | Build established: Scavenger-Tank 5470 | -5/Cetus | Started Cetus Manufacturing Module 5495 | -5/Cetus | Manufactured an Enhanced Grunt 5520 | -5/Cetus | Manufactured an Enhanced Grunt 5534 | -5/Cetus | Escorted A7 to Cetus Mainframe 5545 | -5/Cetus | Manufactured an Enhanced Grunt 5550 | -5/Cetus | Cetus Manufacturing Module disabled 5581 | -5/Cetus | Discovered new exit (range 16) 5598 | -5/Cetus | Identified exit to Archives 5622 | -5/Cetus | Entered Archives 5622 | -5/Archives | Accompanied by 7 allies (A7) 5627 | -5/Archives | Received a hacking code to weaken MAIN.C 5699 | -5/Archives | Unable to access archive contents 5711 | -5/Archives | Unable to access archive contents 5716 | -5/Archives | Discovered exit to Factory (range 15) 5726 | -5/Archives | Unable to access archive contents 5731 | -5/Archives | Discovered new exit (range 15) 5742 | -5/Archives | Unable to access archive contents 5746 | -5/Archives | Discovered new exit (range 14) 5759 | -5/Archives | Identified exit to Hub_04(d) 5918 | -5/Archives | Entered Hub_04(d) 5918 | -5/Hub_04(d) | Accompanied by 4 allies 6323 | -5/Hub_04(d) | Network Hub disabled 6404 | -5/Hub_04(d) | Network Hub disabled 6511 | -5/Hub_04(d) | Spotted Lightning 6535 | -5/Hub_04(d) | Discovered exit to Factory (range 3) 6540 | -5/Hub_04(d) | Entered Factory 6540 | -4/Factory | Evolved 2 slots: Utility x2 6990 | -4/Factory | Found Quantum Capacitor 7612 | -4/Factory | Repaired Myomer Leg 8871 | -4/Factory | Spotted B-86 Titan 8872 | -4/Factory | Assimilated B-86 Titan with FLK Orb 8967 | -4/Factory | Discovered new exit (range 16) 9040 | -4/Factory | First assault squad dispatched 9200 | -4/Factory | System corruption reached 10% 9249 | -4/Factory | Lost 6 parts (1p3u2w) 9299 | -4/Factory | Identified exit to Research 9300 | -4/Factory | Entered Research 9300 | -3/Research | Evolved 2 slots: Power x1, Utility x1 9307 | -3/Research | Identified exit to DSF 9350 | -3/Research | Found Antimissile System 9496 | -3/Research | Build established: Scavenger-Mutant 9629 | -3/Research | Assimilated P-80 Master with FLK Orb 9633 | -3/Research | System corruption reached 10% 9634 | -3/Research | Discovered new exit (range 8) 9648 | -3/Research | Identified exit to Armory 9650 | -3/Research | Found Gamma Bomb Array 9651 | -3/Research | Entered Armory 9651 | -3/Armory | Accompanied by 1 ally 9653 | -3/Armory | Lost 8 parts (1p1n5u1w) 9743 | -3/Armory | Found Prototype Processor 9743 | -3/Armory | Identified Spectral Analyzer 9746 | -3/Armory | Found Prototype Processor 9746 | -3/Armory | Identified Exp. Signal Interpreter 9750 | -3/Armory | Found Exp. Signal Interpreter 9753 | -3/Armory | Found Spectral Analyzer 10131 | -3/Armory | Found Fusion Bomb Launcher 10189 | -3/Armory | Lost 4 parts (1p2n1u) 10209 | -3/Armory | Assimilated H-71 Marshal with FLK Orb 10211 | -3/Armory | Core integrity fell below 50% 10224 | -3/Armory | Core integrity fell below 20% 10226 | -3/Armory | Destroyed by H-77 Assassin with Coil Gun Last Messages --------------- 10219_ Slug penetrates Wall. 10219_ Penetrated by Slug. 10220_ Slug penetrates Wall. 10220_ Dropped Lrg. Storage Unit. 10220_ Dropped Lgt. Antimatter Reactor. 10221_ Acquired 2 matter. 10222_ Penetrated by Slug. 10222_ Impulse Thruster destroyed. 10222_ Slug penetrates Door. 10222_ Slug penetrates Wall. 10222_ Penetrated by Slug. 10223_ M-28 Smith repairs X-77 Beamer. 10223_ Slug penetrates Wall. 10223_ Penetrated by Slug. 10223_ Slug penetrates Wall. 10224_ Wall collapses. 10224_ Slug penetrates Wall. 10224_ Biometal Medium Treads destroyed. 10226_ Slug penetrates Door. 10226_ Slug penetrates Wall. Map ----- +----------------------------------------------------+ | ???????????????????????????????? ???????????# #?? | | ????????????????###?##???????????[???????????# #?? | | ????????????????# #####??????[???????????# #?? | | ????????????????# ?????? ???????????# #?? | | ????????????????# ??????#+########### #?? | | ?????????????????? ??????# ## ! ## #?? | | ?????????????????? #?????# ## ! ## #?? | | ?????????????????????? ####### ## ! ## #?? | | ?????????????????????????# # ## #?? | | ?????????????????????????# ####+##### #?? | | ?????????????????????????# [% #?? | | ??????????????????????#### % #?? | | ??????????????????????# [ [ #?? | | ??????????????????????# [ #?? | | ????????????????####+## ##### #?? | | ????????????????+ #???# #?? | | ????????????????#### #???# #?? | | ???????????????????# """ !| #####+##+### | | ???????????????????# """ !%[ # | | ???????????????????# """ ![ + !! !! | | ???????????????##### !!!######## !! !! | | ???????????????# !!!#??????# | | ???????????????# = !![#??????# | | ???????????????# / = #############+##### | | ???############# / %! #??? | | w @ #??? | | ????#### #??? | | ???????# x #######+####+#+#??? | | ???????# x #;####+#####" #???????? | | ???????# # %!% = # """ #???????? | | ???????# !#x%g[/ !!# """ #???????? | | ???????# /%x==g%[/= !!# R" #???????? | | ???????# ####==!% !! + """ #???????? | | ???????# #??#%=[!!%!! # #???????? | | ???????# #??#[[]!=*h T" ###""######????? | | ???????######### #??#%!//!] #! ===#????? | | ?????#########?# #??#"*"###h##### ===#????? | | ?????#= #l #??##h###h #??# == #????? | | ?????# #g ##### #??# % #????? | | ?????# g g ## #??###"""#####"##?? | | ?????# """"" # ######??# " #?? | | ?????# """"" # ######### %"= ]= #?? | | ?????# """"" ?# % / ]]= #?? | | ?????# ?# ######### # ]== #?? | | ?????# ! ! ??############???????# # #?? | | ?????########?????????????????????####### #?? | | ?????????????????????????????????????????#######?? | | | | | | | +----------------------------------------------------+ Best States ------------- Heat Dissipation 100 Coolant Potential 220 Energy Generation 21 Energy Capacity 825 Matter Stores 300 Matter Capacity 300 Sight Range 24 Terrain Scan Density 10 Jamming Range 16 Base Temperature (-) 200 Armor Coverage 675 Evasion (%) 57 Targeting Accuracy 6 Target Analysis 6 Energy Filtering 50 Particle Charging 15 Item Schematics ----------------- Lrg. Storage Unit | -8/Materials | Scanalyzed Arm. Treads | -7/Factory | Scanalyzed Robot Schematics ------------------ None Fabricated ------------ Nothing Alien Tech Used ----------------- None Achievements -------------- Main Advantage Prison Break Project G-00 Challenges ------------ None Game ------ Seed ArcThermalShearcannon Manual? 0 Play Time 02:20:21 Cumulative 52.1 hours Start 2022.08.30 @ 23:37:07 End 2022.08.31 @ 20:40:52 Sessions 5 Manual Loads 0 Difficulty Rogue Special Mode None Game No. 39 Rogue 39 Adventurer 0 Explorer 0 Win Type - Total 1 Types 1/0/0/0/0/0/0/0/0 Lore% 53 Gallery% 51 Achievement% 48 Wizard Run 0 Options --------- ASCII 0 Keyboard 1 Movement Vi Keybinds 0 Fullscreen 2 Font 24/Proggy Map View 76x50 Tactical HUD 1 Map Filters NONE Filters NONE Steam 1 RUN: aca91d6a-758a-4551-b6ad-be67cbf951e4